 Dungeon Crawl Stone Soup version 0.28-a0-1382-g92835e5c71 (webtiles) character file.

Game seed: 17416455350927097688

845 ReploidZero the Magician (level 8, 0/50 HPs)
             Began as a Djinni Conjurer on Jan 1, 2022.
             Was a Priest of Makhleb.
             Shot with an arrow by a centaur (9 damage)
             ... on level 5 of the Dungeon.
             The game lasted 00:12:18 (6289 turns).

ReploidZero the Magician (Djinni Conjurer)          Turns: 6289, Time: 00:12:18

Health: 0/50       AC:  4    Str:  6    XL:     8   Next: 20%
Gold:   262        EV: 12    Int: 21    God:    Makhleb [***...] SH:  0 Dex: 13

rFire   + + .      SeeInvis .   j - +2 mace (holy)
rCold   x . .      Faith    .   (no shield)
rNeg    . . .      Spirit   .   a - +0 robe
rPois   ∞          Reflect  .   (no helmet)
rElec   .          Harm     .   g - +1 cloak
rCorr   .          Rampage  .   (no gloves)
Will    .....                   (boots unavailable)
Stlth   ++........              (no amulet)
HPRegen 0.16/turn               (no ring)
MPRegen 0.00/turn               (no ring)

@: flying
A: sickness immunity, fire resistance 2, cold vulnerability 1, float, innate
caster, hp casting, extra vitality 1
a: Renounce Religion, Minor Destruction, Lesser Servant of Makhleb


You were on level 5 of the Dungeon.
You worshipped Makhleb.
Makhleb was most pleased with you.
You visited 2 branches of the dungeon, and saw 6 of its levels.
You also visited: Sewer.

You collected 262 gold pieces.

Inventory:

Hand Weapons
 j - a +2 mace of holy wrath (weapon)
Armour
 a - a +0 robe (worn)
 g - a +1 cloak (worn)
Jewellery
 o - a ring of fire
Wands
 b - a wand of paralysis (7)
 i - a wand of iceblast (10)
Scrolls
 e - 5 scrolls of teleportation
 l - a scroll of acquirement
 n - a scroll of enchant armour
 p - 2 scrolls of fog
Potions
 c - 2 potions of haste
 d - a potion of curing
 f - a potion of lignification
 h - 2 potions of attraction
 k - a potion of brilliance
 m - a potion of degeneration {unknown}
 q - a potion of flight {unknown}


   Skills:
 - Level 2.1 Dodging
 - Level 1.5 Stealth
 + Level 7.5 Spellcasting


You had 2 spell levels left.
You knew the following spells:

 Your Spells              Type           Power      Damage    Failure   Level
a - Magic Dart            Conj           100%       1d8       1%          1
b - Searing Ray           Conj           78%        2d7       1%          2
c - Dazzling Flash        Conj/Hex       78%        N/A       1%          3
d - Fulminant Prism       Conj/Hex       19%        3d11      3%          4
e - Iskenderun's Mystic   Conj/Tloc      39%        2d9       3%          4
f - Freeze                Ice            100%       1d11      1%          1
g - Corpse Rot            Necr/Air       78%        N/A       1%          2
h - Conjure Flame         Conj/Fire      39%        6-21      1%          3
Your spell library was empty.

Dungeon Overview and Level Annotations

Branches:
Dungeon (5/15)             Temple (1/1) D:4           Sewer (visited)

Altars:
Ashenzari
Cheibriados
Dithmenos
Elyvilon
Fedhas
Gozag
Hepliaklqana
Kikubaaqudgha
Makhleb
Nemelex Xobeh
Okawaru
Qazlal
Ru
Sif Muna
Trog
Uskayaw
Vehumet
Wu Jian
Xom
Yredelemnul
Zin
The Shining One


Innate Abilities, Weirdness & Mutations

You are immune to sickness and miasma.
You are immune to poison.
Your flesh is very heat resistant. (rF++)
You are vulnerable to cold. (rC-)
You float through the air rather than walking.
You learn spells naturally, not from books.
Your magical power is your life essence.
You have superior vitality. (+4 MHP)


Message History

The magic dart hits the centaur.
The centaur is moderately wounded.
Unknown command.
The centaur shoots an arrow.
The arrow closely misses you.
The centaur unwields a +0 shortbow.
The centaur hits you.
The centaur kicks you but does no damage.
The centaur closely misses you.
The centaur kicks you but does no damage.
Casting: Magic Dart (safe; 1% risk of failure)
Confirm with . or Enter, or press ? or * to list all spells.
You erupt in a blast of force!
The mystic blast hits the jelly!!
You kill the jelly!
Makhleb accepts your kill.
You feel better.
The mystic blast hits the centaur.
The centaur is heavily wounded.
The centaur is knocked back by the mystic blast.
* * * LOW HITPOINT WARNING * * *
Unknown command.
Casting: Iskenderun's Mystic Blast (dangerous; 3% risk of failure)
Confirm with . or Enter, or press ? or * to list all spells.
Okay, then.
Okay, then.
The centaur wields a +0 shortbow.
The centaur shoots an arrow.
The arrow barely misses you.
Casting: Iskenderun's Mystic Blast (dangerous; 3% risk of failure)
Confirm with . or Enter, or press ? or * to list all spells.
Aiming: Fulminant Prism (dangerous; 3% risk of failure)
Press: ? - help, Dir - move target You conjure a prism of explosive energy!
* * * LOW HITPOINT WARNING * * *
A fulminant prism comes into view.
Unknown command.
Casting: Fulminant Prism (dangerous; 3% risk of failure)
Confirm with . or Enter, or press ? or * to list all spells.
Casting: Dazzling Flash (safe; 1% risk of failure)
Press: ? - help, Dir - look around, f - activate The centaur is dazzled.
* * * LOW HITPOINT WARNING * * *
The centaur shoots an arrow.
The arrow hits you!
You die...

.........#..##........#
#..
##############........#
#.. #.........+ #..
##...##...# #..
###....##...# #..
........*c...# #..
....#........+ ###
....#...##...# ...
#..@# ...# .. #####
..?# ...# .... .....
......


You could see a centaur (blind, ally target) and a friendly fulminant prism.

Vanquished Creatures
  A black bear (D:4)
  2 ogres
  A centaur (D:5)
  2 bullfrogs (Sewer)
  A jelly (D:5)
  Crazy Yiuf (D:4)
  2 iguanas
  A mummy (D:3)
  Robin (D:3)
  6 adders
  8 river rats
  An ufetubus (D:4)
  An adder skeleton (D:4)
  A worm (D:2)
  3 dart slugs
  5 orcs
  16 ball pythons
  4 endoplasms
  5 giant cockroaches
  12 goblins
  4 hobgoblins
  4 jackals (D:2)
  2 kobolds
  4 quokkas
  4 bats
  6 frilled lizards
  A quokka skeleton (D:4)
  26 rats
125 creatures vanquished.

Vanquished Creatures (others)
  2 fulminant prisms (Sewer)
  A plant (D:3)
3 creatures vanquished.

Grand Total: 128 creatures vanquished

Notes
Turn   | Place    | Note
-------+----------+-------------------------------------------
     0 | D:1      | ReploidZero the Djinni Conjurer began the quest for the
                  | Orb.
     0 | D:1      | Reached XP level 1. HP: 15/15 MP: 0/0
   243 | D:1      | Found a faded altar of an unknown god.
   288 | D:1      | Reached XP level 2. HP: 20/21 MP: 0/0
   298 | D:1      | Prayed at the altar of an unknown god.
   298 | D:1      | Became a worshipper of Makhleb the Destroyer
   298 | D:1      | Reached * piety under Makhleb
  1529 | D:2      | Reached XP level 3. HP: 22/25 MP: 0/0
  1529 | D:2      | Learned a level 1 spell: Freeze
  1538 | D:2      | Reached skill level 4 in Spellcasting
  2235 | D:2      | Reached XP level 4. HP: 29/31 MP: 0/0
  2442 | D:3      | Reached ** piety under Makhleb
  2526 | D:3      | Found a snail-covered altar of Cheibriados.
  2682 | D:3      | Found a hazy altar of Hepliaklqana.
  2684 | D:3      | Found a glowing golden altar of the Shining One.
  2707 | D:3      | Reached XP level 5. HP: 32/35 MP: 0/0
  2707 | D:3      | Learned a level 2 spell: Corpse Rot
  2800 | D:3      | Noticed an ogre
  2806 | D:3      | Killed an ogre
  2807 | D:3      | Reached skill level 5 in Spellcasting
  2941 | D:3      | Reached XP level 6. HP: 33/40 MP: 0/0
  3264 | D:3      | Noticed Robin
  3270 | D:3      | Killed Robin
  3602 | D:4      | Identified a scroll of acquirement
  3636 | D:4      | Noticed an ogre
  3647 | D:4      | Killed an ogre
  3660 | D:4      | Noticed a black bear
  3868 | D:4      | Killed a black bear
  3869 | D:4      | Reached skill level 6 in Spellcasting
  3869 | D:4      | Reached XP level 7. HP: 44/45 MP: 0/0
  3869 | D:4      | Learned a level 3 spell: Conjure Flame
  4193 | D:4      | Found a glowing drain.
  4222 | Sewer    | Entered a sewer
  4894 | Sewer    | Reached *** piety under Makhleb
  5159 | Sewer    | Reached skill level 7 in Spellcasting
  5386 | D:4      | Found a staircase to the Ecumenical Temple.
  5569 | D:4      | Found a runed translucent door.
  5570 | D:4      | Noticed Crazy Yiuf
  5578 | D:4      | Killed Crazy Yiuf
  5579 | D:4      | Reached XP level 8. HP: 38/50 MP: 0/0
  5685 | Temple   | Entered the Ecumenical Temple
  5932 | D:5      | Entered Level 5 of the Dungeon
  6289 | D:5      | Shot with an arrow by a centaur

Illustrated notes

Levels and vault maps discovered:
D:1:      psy_arrival_spokes, layout_basic, nicolae_ecumenical_snake_handling
D:2:      layout_basic
D:3:      layout_basic, slow_altar_2, mainiacjoe_overflow_catwalk_spiral,
          serial_park_tiny_2, serial_bayou_lagoon_b, uniq_robin
D:4:      layout_cave_pools, minmay_temple_entry_poolview, portal_sewer_entry_c,
          uniq_crazy_yiuf_cottage
D:5:      layout_gridville, uniq_grinder, uniq_duvessa
Temple:   mainiacjoe_temple_bowtie_tessellation

Skill      XL: |  1  2  3  4  5  6  7 |
---------------+----------------------+-----
Spellcasting   | 4 5 6 7 |  7.5
Dodging        | |  2.1
Stealth        | |  1.5

Action                   |  1- 3 |  4- 6 |  7- 9 || total
-------------------------+-------+-------+-------++-------
Melee: Dagger            |       |    11 |     2 ||    13
       Mace              |       |       |    46 ||    46
 Cast: Magic Dart        |    54 |    45 |    68 ||   167
       Freeze            |    12 |     6 |     2 ||    20
       Searing Ray       |       |     7 |     7 ||    14
       Iskenderun's Myst |       |     2 |    10 ||    12
       Corpse Rot        |       |     1 |       ||     1
       Fulminant Prism   |       |       |     3 ||     3
       Dazzling Flash    |       |       |     1 ||     1
Evoke: Wand              |       |     1 |       ||     1
  Use: Scroll            |       |     5 |     5 ||    10
       Potion            |       |       |     3 ||     3
 Stab: Paralysed         |       |     3 |       ||     3
       Sleeping          |       |       |     2 ||     2
Armor: Robe              |     2 |     3 |    25 ||    30
Dodge: Dodged            |     5 |     8 |    68 ||    81

Table legend: (Time is in decaauts)
 A = Elapsed time spent in this place.
 B = Non-inter-level travel time spent in this place.
 C = Inter-level travel time spent in this place.
 D = Time resting spent in this place.
 E = Time spent auto-exploring this place.
 F = Levels seen in this place.
 G = Mean time per level.
                   A        B        C        D        E       F      G
               +--------+--------+--------+--------+--------+-----+--------+
         Total |   6305 |   6037 |    268 |      0 |   5313 |   7 |  900.7 |
       Dungeon |   5070 |   4832 |    238 |      0 |   4279 |   5 | 1014.0 |
        Temple |    230 |    200 |     30 |      0 |    189 |   1 |  230.0 |
         Sewer |   1004 |   1004 |      0 |      0 |    845 |   1 | 1004.0 |
               +--------+--------+--------+--------+--------+-----+--------+

Top non-repeatable levels by time:
     D:1: 1264 daAuts
     D:3: 1247 daAuts
     D:4: 1118 daAuts
     D:2: 1082 daAuts
   Sewer: 1004 daAuts
     D:5: 357 daAuts
  Temple: 230 daAuts
